 Dungeon Crawl Stone Soup version 0.29-a0-643-ga013cefcf8 (webtiles) character file.

Game seed: 11677444267130516328

224 happo123 the Sneak (level 5, -7/29 HPs)
             Began as a Vampire Enchanter on June 19, 2022.
             Mangled by Duvessa
             ... wielding a +0 rapier
              (16 damage)
             ... on level 4 of the Dungeon.
             The game lasted 00:21:24 (2693 turns).

happo123 the Sneak (Vampire Enchanter)              Turns: 2693, Time: 00:21:24

Health: -7/29      AC:  3    Str:  5 (7)  XL:     5   Next: 67%
Magic:  2/8        EV: 12    Int: 18 (20) God:
Gold:   148        SH:  5    Dex: 12 (14) Spells: 4/9 levels left

rFire   + . .      SeeInvis +   a - +1 dagger
rCold   + + .      Faith    .   (no shield)
rNeg    + + +      Spirit   .   b - +0 robe
rPois   ∞          Reflect  +   s - +0 helmet
rElec   .          Harm     .   (no cloak)
rCorr   .          Rampage  .   (no gloves)
Will    .....                   (no boots)
Stlth   +++++.....              p - amulet of reflection
HPRegen 0.00/turn               i - ring of protection from fire
MPRegen 0.11/turn               (no ring)

@: confusing by touch, very slightly contaminated, bloodless, inhibited regen
A: bloodless, fangs 3, see invisible, vampiric 2
a: Bat Form, Revivify


You were on level 4 of the Dungeon.
You visited 1 branch of the dungeon, and saw 4 of its levels.

You collected 148 gold pieces.

Inventory:

Hand Weapons
 a - a +1 dagger (weapon)
Armour
 b - a +0 robe (worn)
 s - a +0 helmet (worn)
Jewellery
 i - a ring of protection from fire (left hand)
 p - an amulet of reflection (around neck)
Wands
 w - a wand of iceblast (1)
Scrolls
 e - 3 scrolls of identify {unknown}
 f - 2 scrolls of teleportation {unknown}
 h - a scroll of enchant weapon {unknown}
 l - a scroll of fear {unknown}
 m - 2 scrolls of fog {unknown}
 n - a scroll of torment {unknown}
 r - 2 scrolls of magic mapping {unknown}
 t - a scroll of blinking {unknown}
 u - a scroll of immolation {unknown}
 v - a scroll of vulnerability {unknown}
Potions
 c - 2 potions of invisibility
 d - 2 potions of berserk rage {unknown}
 g - a potion of resistance {unknown}
 j - 2 potions of magic {unknown}
 k - 2 potions of curing {unknown}
 o - a potion of brilliance {unknown}
 q - a potion of cancellation {unknown}


   Skills:
 + Level 1.2 Fighting
 + Level 2.3 Short Blades
 + Level 2.9 Dodging
 * Level 6.3 Stealth
 + Level 2.5 Spellcasting
 * Level 5.8 Hexes
 + Level 1.5 Ice Magic


You had 4 spell levels left.
You knew the following spells:

 Your Spells              Type           Power      Damage    Failure   Level
a - Ensorcelled Hibernat  Hex/Ice        30%        N/A       6%          2
b - Confusing Touch       Hex            23%        N/A       4%          3

Your spell library contained the following spells:

 Spells                   Type           Power      Damage    Failure   Level
 Tukima's Dance           Hex            23%        N/A       4%          3
 Dazzling Flash           Conj/Hex       24%        N/A       16%         3
 Summon Guardian Golem    Hex/Summ       12%        N/A       16%         3
 Magic Dart               Conj           8%         1d3       17%         1
 Summon Small Mammal      Summ           8%         N/A       17%         1
 Blink                    Tloc           4%         N/A       26%         2
 Searing Ray              Conj           4%         2d4       26%         2
 Call Canine Familiar     Summ           2%         N/A       45%         3
 Lesser Beckoning         Tloc           2%         N/A       45%         3
 Fulminant Prism          Conj/Hex       6%         3d7       45%         4
 Manifold Assault         Tloc           2%         N/A       99%         5


Dungeon Overview and Level Annotations

Branches:
Dungeon (4/15)
 Temple: D:4-7

Altars:
Elyvilon

Shops:
D:3 [

Annotations:
D:4 Duvessa


Innate Abilities, Weirdness & Mutations

You do not regenerate when monsters are visible.
You are frail without blood (-20% HP).
You can heal yourself when you bite living creatures.
You are immune to poison.
You have razor-sharp teeth.
You have supernaturally acute eyesight. (SInv)
You are afflicted with vampirism and can become a bat while bloodless.


Message History

Duvessa rages.
You hear a shout!
You hear a shout!
Duvessa rages.
You hear a shout!
Duvessa rages.
Duvessa rages.
There is a stone staircase leading up here.
Duvessa rages.
You fly upwards.
There is a stone staircase leading down here.
You feel less batty.
Your +1 dagger unmelds from your body.
Your +0 helmet unmelds from your body.
Your +0 robe unmelds from your body.
Your ring of protection from fire unmelds from your body.
You start resting.
Magic restored.
You start resting.
HP restored.
Casting: Ensorcelled Hibernation (safe; 6% risk of failure)
Confirm with . or Enter, or press ? or * to list all spells.
The spell is quite dangerous to miscast (4% risk of failure)!
Continue anyway?
You miscast Confusing Touch.
You are very lightly contaminated with residual magic.
Nothing appears to happen.
Casting: Confusing Touch (quite dangerous; 4% risk of failure)
Confirm with . or Enter, or press ? or * to list all spells.
The spell is quite dangerous to miscast (4% risk of failure)!
Continue anyway?
Your hands begin to glow red.
You climb downwards.
Level annotation: Duvessa Duvessa barely misses you.
You block Duvessa's attack. Duvessa hits you with a +0 rapier!
There is a stone staircase leading up here.
You hit Duvessa but do no damage. Duvessa misses you.
You hit Duvessa but do no damage. You block Duvessa's attack.
Duvessa hits you with a +0 rapier!
You hit Duvessa but do no damage. Duvessa hits you with a +0 rapier!
Ouch! That really hurt!
You die...

.....#####
##.......#
#.......#
#.......#
#.......#
#.......#
#.......#
#####.#.# ###
#.#.# #@# #e#e#
#e# #.#.# #.#
######.#.# #.#
.........#######.#
######.#...e.....#
#.#.#########
#.#.# #)#.#


You could see Duvessa (berserk).

Vanquished Creatures
  Dowan (D:4)
  An orc priest (D:4)
  An iguana (D:4)
  7 adders
  2 worms
  A dart slug (D:3)
  7 orcs
  3 ball pythons
  3 bats
  5 endoplasms
  4 goblins
  4 hobgoblins (D:3)
  5 kobolds
  3 frilled lizards
  3 rats (D:3)
50 creatures vanquished.

Notes
Turn   | Place    | Note
-------+----------+-------------------------------------------
     0 | D:1      | happo123 the Vampire Enchanter began the quest for the Orb.
     0 | D:1      | Reached XP level 1. HP: 13/13 MP: 3/3
   396 | D:1      | Reached XP level 2. HP: 19/19 MP: 5/5
   399 | D:1      | Learned a level 2 spell: Ensorcelled Hibernation
   834 | D:2      | Reached skill level 5 in Stealth
  1155 | D:2      | Gained mutation: You are afflicted with vampirism and can
                  | become a bat while bloodless. [Vampire growth]
  1155 | D:2      | Reached XP level 3. HP: 20/20 MP: 6/6
  1159 | D:2      | Learned a level 3 spell: Confusing Touch
  1288 | D:2      | Reached skill level 5 in Hexes
  1348 | D:3      | Found Efaevviu's Armour Boutique.
  1424 | D:3      | Reached skill level 1 in Ice Magic
  1424 | D:3      | Reached XP level 4. HP: 24/24 MP: 7/7
  1669 | D:3      | Found a faded altar of an unknown god.
  2220 | D:4      | Reached skill level 1 in Fighting
  2220 | D:4      | Reached XP level 5. HP: 29/29 MP: 8/8
  2390 | D:4      | Reached skill level 6 in Stealth
  2441 | D:4      | Noticed Duvessa
  2441 | D:4      | Noticed Dowan
  2452 | D:4      | Killed Dowan
  2693 | D:4      | Mangled by Duvessa

Illustrated notes

Levels and vault maps discovered:
D:1:      dpeg_arrival_simpleton_a, layout_basic, roderic_malta_cross
D:2:      layout_rooms, corexii_shack
D:3:      layout_loops_ring, mainiacjoe_overflow_brackets, serial_shops,
          nicolae_shop_stone, shapermc_ecumenical_altar_mp_vishouse,
          minmay_quantized
D:4:      layout_basic, uniq_duvessa

Skill      XL: |  1  2  3  4  5 |
---------------+----------------+-----
Stealth        | 5 6 |  6.3
Hexes          | 5 |  5.8
Ice Magic      | 1 |  1.5
Short Blades   | 2 |  2.3
Fighting       | 1 |  1.2
Dodging        | |  2.9
Spellcasting   | |  2.5

Action                   |  1- 3 |  4- 6 || total
-------------------------+-------+-------++-------
Melee: Dagger            |    45 |    49 ||    94
       Bite              |     1 |     6 ||     7
 Cast: Ensorcelled Hiber |    12 |    22 ||    34
       Confusing Touch   |       |     1 ||     1
 Abil: Exsanguinate      |     1 |       ||     1
       End Transformatio |       |     1 ||     1
       Bat Form          |       |     1 ||     1
 Stab: Sleeping          |    19 |    16 ||    35
Armor: Robe              |    12 |    11 ||    23
Dodge: Dodged            |    32 |    20 ||    52
Block: Other             |       |    11 ||    11
       Reflection        |       |     1 ||     1

Table legend: (Time is in decaauts)
 A = Elapsed time spent in this place.
 B = Non-inter-level travel time spent in this place.
 C = Inter-level travel time spent in this place.
 D = Time resting spent in this place.
 E = Time spent auto-exploring this place.
 F = Levels seen in this place.
 G = Mean time per level.
                   A        B        C        D        E       F      G
               +--------+--------+--------+--------+--------+-----+--------+
         Total |   2670 |   1887 |    783 |    263 |   1006 |   4 |  667.5 |
       Dungeon |   2670 |   1887 |    783 |    263 |   1006 |   4 |  667.5 |
               +--------+--------+--------+--------+--------+-----+--------+

Top non-repeatable levels by time:
     D:3: 1031 daAuts
     D:1: 693 daAuts
     D:2: 651 daAuts
     D:4: 293 daAuts
